 Dungeon Crawl Stone Soup version 0.24-a0-504-gcfb02b9d07 (webtiles) character file.

Game seed: 2062166859827325919

11241 LemonEater the Geomancer (level 11, -12/64 HPs)
             Began as a Gargoyle Earth Elementalist on July 17, 2019.
             Was a High Priest of Vehumet.
             Mangled by a death yak (17 damage)
             ... on level 10 of the Dungeon.
             The game lasted 00:38:23 (11575 turns).

LemonEater the Geomancer (GrEE)                    Turns: 11575, Time: 00:38:24

Health: -12/64     AC: 20    Str: 12    XL:     11   Next: 74%
Magic:  3/22       EV: 15    Int: 19    God:    Vehumet [*****.]
Gold:   656        SH:  0    Dex: 15    Spells: 4/24 levels left

rFire    . . .     SeeInvis .   m - +3 flail (crush)
rCold    . . .     Gourm    .   (no shield)
rNeg     + . .     Faith    .   c - +0 robe
rPois    ∞         Spirit   .   r - +2 helmet
rElec    +         Reflect  .   (no cloak)
rCorr    .         Harm     .   F - +2 pair of gloves
MR       .....                  l - +2 pair of boots
Stlth    ++........             (no amulet)
HPRegen  0.20/turn              v - ring of wizardry
MPRegen  0.18/turn              B - +5 ring of dexterity

@: about to teleport
A: negative energy resistance 1, electricity resistance, unbreathing,
petrification resistance, rot immunity, AC +8
a: Renounce Religion


You were on level 10 of the Dungeon.
You worshipped Vehumet.
Vehumet was extremely pleased with you.
You were near starving.

You visited 2 branches of the dungeon, and saw 11 of its levels.
You also visited: Ossuary.

You collected 726 gold pieces.
You spent 70 gold pieces at shops.

Inventory:

Hand Weapons
 f - a +2 dire flail of protection
 g - a -2 demon whip
 m - a +3 flail of crushing (weapon)
Missiles
 b - 124 stones (quivered)
Armour
 c - a +0 robe (worn)
 l - a +2 pair of boots (worn)
 r - a +2 helmet (worn)
 F - a +2 pair of gloves (worn)
Jewellery
 v - a ring of wizardry (left hand)
 y - an uncursed ring of protection from cold
 B - a +5 ring of dexterity (right hand)
 G - an uncursed ring of wizardry
Wands
 u - a wand of polymorph (17)
 w - a wand of random effects (13)
 A - a wand of iceblast (1)
 C - a wand of flame (21)
 N - a wand of enslavement (9)
Scrolls
 o - 5 scrolls of remove curse
 p - 2 scrolls of enchant weapon
 q - 4 scrolls of teleportation
 x - 4 scrolls of magic mapping
 z - 2 scrolls of amnesia
 I - a scroll of identify
 L - a scroll of fog
Potions
 e - a potion of cancellation
 h - a potion of flight
 i - 3 potions of agility
 j - a potion of magic {unknown}
 k - a potion of heal wounds
 n - 3 potions of curing
 s - a potion of berserk rage
 D - a potion of resistance
 E - a potion of ambrosia
 J - a potion of brilliance
 M - a potion of lignification
Miscellaneous
 H - a fan of gales
Comestibles
 a - 13 chunks of flesh
 d - 19 rations


   Skills:
 + Level 6.1 Fighting
 + Level 5.6 Maces & Flails
 - Level 6.0 Armour
 + Level 5.0 Dodging
 - Level 2.1 Stealth
 + Level 7.4 Spellcasting
 + Level 8.2 Conjurations
   Level 0.7 Transmutations
 * Level 3.2 Fire Magic
 + Level 10.0 Earth Magic
 + Level 3.2 Evocations


You had 4 spell levels left.
You knew the following spells:

 Your Spells              Type           Power        Failure   Level  Hunger
a - Sandblast             Erth           #####.       1%          1    None
b - Stone Arrow           Conj/Erth      #####.       1%          3    #......
c - Lee's Rapid Deconstr  Erth           #####.....   1%          5    #####..
d - Iron Shot             Conj/Erth      #####.....   4%          6    ######.
e - Bolt of Magma         Conj/Fire/Erth ####......   1%          5    #####..

Your spell library contained the following spells:

 Spells                   Type           Power        Failure   Level  Hunger
 Bolt of Fire             Conj/Fire      ####......   14%         6    ######.
 Passwall                 Tmut/Erth      ####....     1%          2    None
 Animate Skeleton         Necr           N/A          4%          1    None
 Apportation              Tloc           #.....       4%          1    None
 Confusing Touch          Hex            #.....       4%          1    None
 Summon Small Mammal      Summ           #...         4%          1    None
 Petrify                  Tmut/Erth      ####....     4%          4    ###....
 Iskenderun's Battlesphe  Conj/Chrm      ###.....     6%          5    #####..
 Venom Bolt               Conj/Pois      ###.......   6%          5    #####..
 Orb of Destruction       Conj           #####.....   26%         7    #######
 Spellforged Servitor     Conj/Summ      ###.......   75%         7    #######


Dungeon Overview and Level Annotations

Branches:
Dungeon (10/15)            Temple (1/1) D:5
   Lair: D:8-11         Orc: D:9-12

Altars:
Ashenzari
Cheibriados
Dithmenos
Elyvilon
Fedhas
Gozag
Hepliaklqana
Kikubaaqudgha
Makhleb
Nemelex Xobeh
Okawaru
Qazlal
Ru
Sif Muna
Trog
Uskayaw
Vehumet
Wu Jian
Xom
Yredelemnul
Zin
The Shining One

Shops:
D:6 *

Annotations:
D:6 2 runed translucent doors, spinkules's ghost, novice GrBe


Innate Abilities, Weirdness & Mutations

You are resistant to torment.
Your stone body is resilient. (AC +8)
You are immune to poison.
You resist negative energy. (rN+)
You are resistant to electric shocks. (rElec)
You can survive without breathing.
You are immune to petrification.
You are immune to rotting.


Message History

Unknown command.
Casting: Lee's Rapid Deconstruction (safe; 1% risk of failure)
Confirm with . or Enter, or press ? or * to list all spells.
You don't have enough magic to cast that spell.
Unknown command.
Casting: Lee's Rapid Deconstruction (safe; 1% risk of failure)
Confirm with . or Enter, or press ? or * to list all spells.
Aiming: Sandblast (safe; 1% risk of failure)
Press: ? - help, Shift-Dir - straight line, f - death yak
Aim: a death yak (moderately wounded)
The blast of sand hits the death yak.
The death yak is moderately wounded.
b - 124 stones The death yak gores you!
As you read the scroll of teleportation, it crumbles to dust.
You feel strangely unstable. The death yak gores you!!
* * * LOW HITPOINT WARNING * * *
Unknown command.
The death yak gores you!
You die...

#...<............#
##.......(.(# #......##.(#
########### ........##..#
#.......... ###.....##..######
#.......... #..(..##..))))†#
#......[...
......###.(÷##÷######...#####..
.#.)### #.†##YY.........# #..
#..##.@.........# #..
#..##...........# #..
#..##...######### #.. ...##...#
#.. ##.###...# #.. #.# #...#
#.. #. #...##### ### #.......#
#.......#


You could see 2 death yaks.

Vanquished Creatures
  A two-headed ogre (D:9)
  A death yak (D:10)
  2 deep elf magi
  A gargoyle (D:10)
  A yaktaur (D:8)
  A troll (D:9)
  Grinder (D:3)
  Sigmund (D:3)
  A spriggan (D:9)
  11 yaks
  A wyvern (D:9)
  3 hungry ghosts
  A steam dragon (D:8)
  Edmund (D:6)
  A water moccasin (D:8)
  A porcupine (D:10)
  3 ice beasts
  A hornet zombie (D:9)
  A sky beast (D:7)
  A black bear (D:7)
  4 necrophages (D:9)
  3 orc warriors
  6 centaurs
  4 ogres
  8 bullfrogs
  2 big kobolds
  4 scorpions
  3 killer bees (D:9)
  4 wights (D:8)
  2 howler monkeys
  2 crimson imps
  2 jellies
  2 bullfrog zombies (D:9)
  2 centaur zombies
  5 hounds
  3 human zombies (Ossuary)
  5 orc wizards
  5 orc priests
  2 bullfrog skeletons (D:8)
  A centaur skeleton (D:4)
  Terence (D:3)
  Natasha (thrice) (D:3)
  7 iguanas
  A hell rat (D:10)
  5 worker ants
  2 killer bee zombies
  2 big kobold zombies (Ossuary)
  5 hound zombies
  3 mummies (Ossuary)
  A howler monkey skeleton (D:6)
  4 gnolls (D:6)
  11 adders
  A river rat (D:10)
  3 shadow imps
  2 oozes
  2 adder zombies
  An adder skeleton (D:9)
  A worm (D:2)
  A dart slug (D:2)
  6 leopard geckos
  37 orcs
  13 giant cockroaches
  2 gnoll zombies (Ossuary)
  7 goblins
  9 hobgoblins
  11 jackals
  16 kobolds
  3 quokkas
  4 bats
  3 frilled lizards (D:2)
  6 goblin zombies (Ossuary)
  3 hobgoblin zombies (Ossuary)
  3 jackal zombies (Ossuary)
  4 kobold zombies (Ossuary)
  An orc zombie (Ossuary)
  7 quokka zombies (Ossuary)
  8 rats
  2 rat zombies (Ossuary)
305 creatures vanquished.

Vanquished Creatures (others)
  A bush (D:9)
  7 plants (D:9)
8 creatures vanquished.

Grand Total: 313 creatures vanquished

Notes
Turn   | Place    | Note
-------+----------+-------------------------------------------
     0 | D:1      | LemonEater the Gargoyle Earth Elementalist began the quest
                  | for the Orb.
     0 | D:1      | Reached XP level 1. HP: 10/10 MP: 3/3
   323 | D:1      | Reached XP level 2. HP: 15/15 MP: 3/5
   377 | D:1      | Reached skill level 4 in Earth Magic
  1010 | D:2      | Reached XP level 3. HP: 19/19 MP: 4/7
  1015 | D:2      | Learned a level 3 spell: Stone Arrow
  1356 | D:2      | Reached skill level 1 in Conjurations
  1391 | D:2      | Reached XP level 4. HP: 10/24 MP: 4/8
  2004 | D:2      | Found a faded altar of an unknown god.
  2186 | D:3      | Reached skill level 5 in Earth Magic
  2195 | D:3      | Noticed Grinder
  2201 | D:3      | Killed Grinder
  2201 | D:3      | Reached XP level 5. HP: 9/28 MP: 2/10
  2201 | D:3      | Reached XP level 6. HP: 10/32 MP: 2/11
  2446 | D:3      | Noticed Terence
  2451 | D:3      | Killed Terence
  2586 | D:3      | Noticed Natasha
  2597 | D:3      | Killed Natasha
  2597 | D:3      | Reached skill level 6 in Earth Magic
  2613 | D:3      | Noticed Natasha
  2619 | D:3      | Killed Natasha
  2695 | D:3      | Noticed Natasha
  2712 | D:3      | Killed Natasha
  2976 | D:3      | Reached XP level 7. HP: 34/36 MP: 13/13
  3151 | D:3      | You fall into a shaft and drop 2 floors!
  3151 | D:5      | Entered Level 5 of the Dungeon
  3153 | D:5      | Found a glowing golden altar of the Shining One.
  3582 | D:5      | Found a staircase to the Ecumenical Temple.
  3601 | Temple   | Entered the Ecumenical Temple
  3823 | D:4      | Found a radiant altar of Vehumet.
  3839 | D:4      | Became a worshipper of Vehumet
  3857 | D:4      | Learned a level 5 spell: Lee's Rapid Deconstruction
  3867 | D:4      | Found an ornate altar of the Wu Jian Council.
  3920 | D:3      | Noticed Sigmund
  3924 | D:3      | Killed Sigmund
  3924 | D:3      | Reached skill level 5 in Spellcasting
  3924 | D:3      | Reached skill level 5 in Conjurations
  3924 | D:3      | Reached skill level 7 in Earth Magic
  3924 | D:3      | Reached XP level 8. HP: 37/41 MP: 10/15
  4649 | D:4      | Found a hide-covered altar of Uskayaw.
  4649 | D:4      | Found a hazy altar of Hepliaklqana.
  4654 | D:4      | Found a faded altar of an unknown god.
  4658 | D:4      | Found a shattered altar of Ashenzari.
  4660 | D:4      | Found a faded altar of an unknown god.
  5154 | D:5      | Reached skill level 1 in Fighting
  5154 | D:5      | Reached skill level 1 in Maces & Flails
  5154 | D:5      | Reached skill level 1 in Armour
  5746 | D:5      | Found a deep blue altar of Sif Muna.
  5952 | D:6      | Noticed Edmund
  5983 | D:6      | Killed Edmund
  6097 | D:6      | Found Woull's Lightly-Used Armoury.
  6122 | D:6      | Bought a -2 demon whip for 70 gold pieces
  6160 | D:6      | Reached * piety under Vehumet
  6160 | D:6      | Offered knowledge of Flame Tongue by Vehumet.
  6328 | D:6      | Reached XP level 9. HP: 12/49 MP: 8/17
  6720 | D:6      | Found a large runed translucent door.
  6720 | D:6      | Found a large runed translucent door.
  6749 | D:6      | Noticed spinkules's ghost (novice GrBe)
  6845 | D:6      | Reached skill level 8 in Earth Magic
  7043 | D:7      | Found a bloodstained altar of Trog.
  7147 | D:7      | Offered knowledge of Freeze by Vehumet.
  7221 | D:7      | Reached ** piety under Vehumet
  8246 | D:8      | Reached XP level 10. HP: 32/56 MP: 10/19
  8248 | D:8      | Offered knowledge of Inner Flame by Vehumet.
  8326 | D:8      | Found a sand-covered staircase.
  8335 | Ossuary  | Entered an ossuary
  8593 | Ossuary  | Reached *** piety under Vehumet
  8786 | Ossuary  | Offered knowledge of Sticky Flame by Vehumet.
  9015 | D:8      | Reached skill level 9 in Earth Magic
  9105 | D:8      | Noticed a deep elf mage
  9111 | D:8      | Killed a deep elf mage
  9111 | D:8      | Reached skill level 1 in Evocations
  9899 | D:8      | Found a glowing golden altar of the Shining One.
  9899 | D:8      | Found a glowing silver altar of Zin.
  9899 | D:8      | Found a white marble altar of Elyvilon.
 10176 | D:9      | Reached **** piety under Vehumet
 10176 | D:9      | Reached skill level 5 in Fighting
 10186 | D:9      | Reached skill level 5 in Armour
 10189 | D:9      | Noticed a two-headed ogre
 10196 | D:9      | Killed a two-headed ogre
 10196 | D:9      | Offered knowledge of Airstrike by Vehumet.
 10361 | D:9      | Noticed a deep elf mage
 10366 | D:9      | Killed a deep elf mage
 10366 | D:9      | Reached skill level 5 in Maces & Flails
 10366 | D:9      | Reached XP level 11. HP: 54/64 MP: 8/21
 10453 | D:9      | Learned a level 5 spell: Bolt of Magma
 10460 | D:9      | Learned a level 6 spell: Iron Shot
 10516 | D:9      | Reached skill level 1 in Fire Magic
 10964 | D:9      | Found a blossoming altar of Fedhas.
 11121 | D:10     | Entered Level 10 of the Dungeon
 11432 | D:10     | Reached ***** piety under Vehumet
 11443 | D:10     | Offered knowledge of Bolt of Fire by Vehumet.
 11554 | D:10     | Noticed a death yak
 11556 | D:10     | Noticed a death yak
 11558 | D:10     | Noticed a death yak
 11571 | D:10     | Killed a death yak
 11571 | D:10     | Reached skill level 5 in Dodging
 11571 | D:10     | Reached skill level 10 in Earth Magic
 11575 | D:10     | Mangled by a death yak

Levels and vault maps discovered:
D:1:      dpeg_arrival_pits, layout_loops_corners, minmay_worlds_worst_comb
D:2:      layout_loops_corners, chequers_ecumenical_altar_lobes
D:3:      layout_basic, uniq_grinder, uniq_natasha, uniq_terence, uniq_sigmund
D:4:      wander_river, layout_loops_ring, chequers_temple_overflow_minitemple,
          minitemple
D:5:      layout_layer_cave, kennysheep_mini_moat, minmay_temple_entry_grid,
          first_ration, nicolae_tso_swordbearing_angel
D:6:      layout_rooms, ebering_ghost_disaster_area, minmay_shop_damaged,
          uniq_edmund
D:7:      layout_loops_corners, lightli_temple_of_fire, minivault_23
D:8:      minmay_the_grid_plus [minmay_the_grid_zigzag_pyramid,
          minmay_the_grid_large_cup, minmay_the_grid_stretched_grid,
          minmay_the_grid_dragon_a, minmay_the_grid_prize_diamond_cup],
          layout_basic, good_gods_mini_temple, enter_ossuary_1
D:9:      layout_long_grid, fedhas_altar_decomposition, the_bakery,
          guppyfry_early_elven_hall
D:10:     kennysheep_blocky_hall, layout_basic, dpeg_lair_monsters,
          kennysheep_orc_monster_closet_entryway, ebering_ghost_rock_garden,
          minmay_statue_bubble, uniq_josephine
Temple:   jpeg_temple_clearing

Skill      XL: |  1  2  3  4  5  6  7  8  9 10 11 |
---------------+----------------------------------+-----
Earth Magic    | 4 5 6 7 8 9 10 | 10.0
Conjurations   | 1 3 5 6 7 8 |  8.2
Spellcasting   | 3 4 5 6 7 |  7.4
Fighting       | 2 4 5 6 |  6.1
Maces & Flails | 2 3 5 |  5.6
Armour         | 2 4 5 6 |  6.0
Dodging        | 2 3 4 5 |  5.0
Evocations     | 2 3 |  3.2
Fire Magic     | 3 |  3.2
Stealth        | |  2.1
Transmutations | |  0.7

Action                   |  1- 3 |  4- 6 |  7- 9 | 10-12 || total
-------------------------+-------+-------+-------+-------++-------
Melee: Dagger            |   131 |    65 |       |       ||   196
       Unarmed           |     3 |       |       |       ||     3
       Flail             |       |    53 |   227 |   345 ||   625
 Cast: Sandblast         |    17 |    40 |    83 |    63 ||   203
       Stone Arrow       |       |     3 |    12 |    20 ||    35
       Lee's Rapid Decon |       |       |     4 |    18 ||    22
       Iron Shot         |       |       |       |     4 ||     4
Evoke: Wand              |       |       |       |    11 ||    11
  Use: Scroll            |     4 |     4 |     8 |    10 ||    26
       Potion            |       |       |     6 |     2 ||     8
 Stab: Sleeping          |     3 |     2 |     7 |     5 ||    17
  Eat: Chunk             |     2 |     5 |    15 |    10 ||    32
       Ration            |       |       |     1 |     2 ||     3
Armor: Robe              |    37 |    45 |   129 |   167 ||   378
       Skin              |       |       |    13 |       ||    13
Dodge: Dodged            |    92 |   107 |   185 |   310 ||   694

Table legend:
 A = Non-vault XP
 B = Vault XP
 C = Vault XP percentage of total XP
 D = Non-vault monster count
 E = Vault monster count
 F = Vault count percentage of total count
                 A         B        C        D         E       F
            +---------+---------+-------+---------+---------+-------
      Total |   10045 |    6014 |  37.4 |     229 |      76 |  24.9
            +---------+---------+-------+---------+---------+-------
        D:1 |      18 |      10 |  35.7 |      10 |       5 |  33.3
        D:2 |     111 |       0 |   0.0 |      33 |       0 |   0.0
        D:3 |     181 |     564 |  75.7 |      34 |       4 |  10.5
        D:4 |     289 |       0 |   0.0 |      10 |       0 |   0.0
        D:5 |     413 |       0 |   0.0 |      17 |       0 |   0.0
        D:6 |     948 |     162 |  14.6 |      32 |       1 |   3.0
        D:7 |    1131 |       0 |   0.0 |      22 |       0 |   0.0
        D:8 |    1193 |    1666 |  58.3 |      21 |      10 |  32.3
        D:9 |    4102 |    1504 |  26.8 |      36 |       9 |  20.0
       D:10 |    1659 |    1800 |  52.0 |      14 |       8 |  36.4
    Ossuary |       0 |     308 | 100.0 |       0 |      39 | 100.0
            +---------+---------+-------+---------+---------+-------
